 Dungeon Sprint DCSS version 0.30-a0-802-gb92711bcdf (webtiles) character file.

Game seed: 11308968700451660961

3000000 BigDaddyOpFi the Acrobat (level 18, -73/155 HPs)
             Began as a Djinni Gladiator on Feb 23, 2023.
             Was a High Priest of Makhleb.
             Annihilated by The Servant
             ... wielding a +9 glaive of flaming
              (81 damage)
             ... in the Dungeon (Sprint VIII: "Arena of Blood").
             The game lasted 00:00:51 (30 turns).

BigDaddyOpFi the Acrobat (Djinni Gladiator)           Turns: 30, Time: 00:00:52

Health: -73/155    AC:  7    Str: 13    XL:     18   Next: 73%
Gold:   0          EV: 30    Int: 12    God:    Makhleb [*****.] SH:  0 Dex: 21

rFire   + + .      SeeInvis .    j - +∞ Axe of Woe
rCold   x . .      Faith    .    (shield currently unavailable)
rNeg    . . .      Spirit   .    a - +0 leather armour
rPois   ∞          Reflect  .    b - +0 helmet
rElec   .          Harm     .    (no cloak)
rCorr   .          Rampage  .    (no gloves)
Will    +....      NoTele   +    (boots unavailable)
Stlth   +++++++                  (no amulet)
HPRegen 0.45/turn                (no ring)
MPRegen 0.00/turn                (no ring)

@: flying
A: sickness immunity, fire resistance 2, cold vulnerability 1, float, innate
caster, HP casting, extra vitality 1
a: Renounce Religion, Minor Destruction, Lesser Servant of Makhleb, Major
Destruction, Greater Servant of Makhleb


You were in the Dungeon.
You worshipped Makhleb.
Makhleb was extremely pleased with you.
You visited 1 branch

Inventory:

Hand Weapons
 j - the +∞ Axe of Woe (weapon)
   (You found it in the Dungeon)
Missiles
 c - 3 throwing nets (quivered)
 d - a javelin
Armour
 a - a +0 leather armour (worn)
 b - a +0 helmet (worn)
Scrolls
 i - a scroll of blinking
Potions
 e - a potion of curing
 f - a potion of heal wounds
 g - a potion of haste
 h - a potion of berserk rage


   Skills:
 + Level 22.0 Fighting
 + Level 15.5 Axes
 + Level 18.8 Throwing
 + Level 18.3 Armour
 + Level 23.8 Dodging
 + Level 16.9 Stealth
 + Level 22.0 Unarmed Combat
 + Level 14.4 Spellcasting
 + Level 18.2 Invocations


You knew the following spells:

 Your Spells              Type           Power      Damage    Failure   Level
a - Kiss of Death         Conj/Necr      100%       2d13      1%          1
b - Poisonous Vapours     Pois/Air       86%        N/A       1%          2
c - Call Canine Familiar  Summ           43%        N/A       1%          3
d - Sticky Flame          Conj/Fire      43%        2d6       1%          4
e - Yara's Violent Unrav  Hex/Tmut       21%        3d10      1%          5
f - Agony                 Necr           43%        N/A       1%          5
g - Eringya's Noxious Bo  Tmut/Pois      21%        N/A       3%          6
h - Iron Shot             Conj/Erth      21%        9d5       3%          6
Your spell library was empty.

Dungeon Overview and Level Annotations

Branches:
Dungeon (1/1)

Altars:
Makhleb

Annotations:
D The Servant


Innate Abilities, Weirdness & Mutations

You are immune to sickness and miasma.
You are immune to poison.
Your flesh is very heat resistant. (rF++)
You are vulnerable to cold. (rC-)
You float through the air rather than walking.
You learn spells naturally, not from books.
Your magical power is your life essence.
You have superior vitality. (+4 MHP)


Message History

The destroyer points at you and mumbles some strange words.
The destroyer blinks!
You hear a shout! x4
A meat berserker comes into view. It is wielding a +9 battleaxe.
You hear a shout! x3
Your Fighting skill increases to level 22!
Your Axes skill increases to level 15!
Your Armour skill increases to level 18!
Your Unarmed Combat skill increases to level 22!
Your Spellcasting skill increases to level 14!
Your Invocations skill increases to level 18!
Unknown command.
Press < or > to pray at altars.
You are engulfed in blazing flames.
You resist.
* * * LOW HITPOINT WARNING * * *
You hear a shout! x10
The destroyer casts a spell at you.
The destroyer blinks!
You hear a shout! x11
Unknown command.
Press < or > to pray at altars.
You are engulfed in blazing flames.
You resist.
* * * LOW HITPOINT WARNING * * *
You hear a shout! x5
The destroyer points at you and mumbles some strange words.
The destroyer blinks!
You hear a shout! x3
Unknown command.
Press < or > to pray at altars.
The destroyer appears out of thin air!
A destroyer comes into view. It is wielding a +9 heavy great sword.
You are engulfed in blazing flames.
You resist.
* * * LOW HITPOINT WARNING * * *
You hear a shout! x5
The destroyer gestures at you while chanting.
The destroyer blinks!
You hear a shout! x2
The Servant hits you from afar with a +9 glaive of flaming!!!!
Ouch! That really hurt!
You die...

.. ..... #.
...# #.. ...# .
.###.. ...###..
......###......
......V.....
#..O§§# #_.§V@#
#...§§#
......_.@...
......###..V...
.###.. .§.###..
#.. ...# . #.
...# .. .....


You could see The Servant, 3 destroyers and a meat berserker (berserk).

Vanquished Creatures
  A vampire knight (D)
  5 ogres (D)
  A two-headed ogre (D)
  11 orcs (D)
18 creatures vanquished.

Notes
Turn   | Place    | Note
-------+----------+-------------------------------------------
     0 | D        | Found the +∞ Axe of Woe
     0 | D        | BigDaddyOpFi the Djinni Gladiator began the quest for the
                  | Orb.
     0 | D        | Reached XP level 1. HP: 18/18 MP: 0/0
     1 | D        | Noticed a bag of meat
     2 | D        | Noticed a bag of meat
     2 | D        | Noticed a bag of meat
     3 | D        | Noticed a meat berserker
     4 | D        | Noticed a bag of meat
     4 | D        | Became a worshipper of Makhleb the Destroyer
     4 | D        | Noticed a bag of meat
     6 | D        | Killed a bag of meat
     6 | D        | Noticed a bag of meat
     7 | D        | Reached skill level 14 in Dodging
     7 | D        | Reached XP level 2. HP: 40/40 MP: 0/0
     7 | D        | Reached XP level 3. HP: 45/45 MP: 0/0
     7 | D        | Learned a level 1 spell: Kiss of Death
     7 | D        | Reached XP level 4. HP: 51/51 MP: 0/0
     7 | D        | Reached XP level 5. HP: 57/57 MP: 0/0
     7 | D        | Learned a level 2 spell: Poisonous Vapours
     7 | D        | Reached XP level 6. HP: 63/63 MP: 0/0
     7 | D        | Reached XP level 7. HP: 68/68 MP: 0/0
     7 | D        | Learned a level 3 spell: Call Canine Familiar
     7 | D        | Reached XP level 8. HP: 75/75 MP: 0/0
     7 | D        | Reached XP level 9. HP: 80/80 MP: 0/0
     7 | D        | Learned a level 4 spell: Sticky Flame
     7 | D        | Reached XP level 10. HP: 86/86 MP: 0/0
     7 | D        | Reached XP level 11. HP: 92/92 MP: 0/0
     7 | D        | Learned a level 5 spell: Yara's Violent Unravelling
     7 | D        | Noticed a bag of meat
     7 | D        | Noticed a meat berserker
     8 | D        | Noticed a meat berserker
     8 | D        | Killed a meat berserker
     8 | D        | Reached * piety under Makhleb
     9 | D        | Reached skill level 5 in Axes
     9 | D        | Reached skill level 16 in Dodging
     9 | D        | Reached skill level 15 in Unarmed Combat
     9 | D        | Reached skill level 5 in Spellcasting
     9 | D        | Reached XP level 12. HP: 77/101 MP: 0/0
     9 | D        | Reached XP level 13. HP: 81/106 MP: 0/0
     9 | D        | Learned a level 5 spell: Agony
     9 | D        | Killed a bag of meat
     9 | D        | Killed a bag of meat
     9 | D        | Killed a bag of meat
     9 | D        | Reached ** piety under Makhleb
     9 | D        | Noticed a bag of meat
    10 | D        | Reached skill level 17 in Dodging
    10 | D        | Reached XP level 14. HP: 78/117 MP: 0/0
    10 | D        | Killed a bag of meat
    10 | D        | Killed a bag of meat
    10 | D        | Noticed a bag of meat
    11 | D        | Reached skill level 18 in Dodging
    11 | D        | Reached skill level 10 in Stealth
    11 | D        | Reached XP level 15. HP: 71/124 MP: 0/0
    11 | D        | Learned a level 6 spell: Eringya's Noxious Bog
    11 | D        | Killed a meat berserker
    11 | D        | Reached *** piety under Makhleb
    12 | D        | Reached skill level 10 in Axes
    12 | D        | Reached skill level 15 in Throwing
    12 | D        | Reached skill level 19 in Dodging
    12 | D        | Noticed a meat berserker
    13 | D        | Killed a meat berserker
    14 | D        | Reached skill level 20 in Dodging
    14 | D        | Reached skill level 10 in Spellcasting
    14 | D        | Reached XP level 16. HP: 58/134 MP: 0/0
    14 | D        | Reached **** piety under Makhleb
    15 | D        | Noticed a large bag of meat
    17 | D        | Reached skill level 21 in Dodging
    17 | D        | Reached XP level 17. HP: 97/141 MP: 0/0
    17 | D        | Learned a level 6 spell: Iron Shot
    17 | D        | Killed a meat berserker
    18 | D        | Reached skill level 15 in Armour
    18 | D        | Reached skill level 15 in Invocations
    18 | D        | Noticed a meat berserker
    19 | D        | Noticed a destroyer
    21 | D        | Killed a meat berserker
    21 | D        | Reached ***** piety under Makhleb
    22 | D        | Reached skill level 22 in Dodging
    22 | D        | Reached skill level 15 in Stealth
    22 | D        | Noticed a destroyer
    24 | D        | Killed a large bag of meat
    24 | D        | Noticed The Servant
    24 | D        | Noticed a destroyer
    25 | D        | Reached skill level 23 in Dodging
    25 | D        | Reached XP level 18. HP: 45/153 MP: 0/0
    27 | D        | Killed a destroyer
    27 | D        | Noticed a meat berserker
    28 | D        | Reached skill level 15 in Axes
    30 | D        | Annihilated by The Servant

Illustrated notes

Levels and vault maps discovered:
D:        meatsprint

Skill      XL: |  1  2  3  4  5  6  7  8  9 10 11 12 13 14 15 16 17 18 |
---------------+-------------------------------------------------------+-----
Fighting       | 13 14 16 17 18 19 21 22 | 22.0
Throwing       | 11 12 13 14 15 16 18 | 18.8
Dodging        | 14 16 17 18 20 21 23 | 23.8
Unarmed Combat | 13 15 16 17 18 19 21 22 | 22.0
Axes           | 5 8 9 11 12 14 15 | 15.5
Armour         | 6 9 11 13 14 17 18 | 18.3
Stealth        | 6 9 10 12 13 16 | 16.9
Spellcasting   | 5 7 8 10 11 13 14 | 14.4
Invocations    | 6 9 11 13 14 17 18 | 18.2

Action                     |  1- 3 |  4- 6 |  7- 9 | 10-12 | 13-15 | 16-18 || total
---------------------------+-------+-------+-------+-------+-------+-------++-------
  Melee: Executioner's axe |     1 |       |       |     1 |     4 |     7 ||    13
  Dodge: Dodged            |       |       |       |       |       |     1 ||     1

Table legend: (Time is in decaauts)
 A = Elapsed time spent in this place.
 B = Non-inter-level travel time spent in this place.
 C = Inter-level travel time spent in this place.
 D = Time resting spent in this place.
 E = Time spent auto-exploring this place.
 F = Levels seen in this place.
 G = Mean time per level.
                   A        B        C        D        E       F      G
               +--------+--------+--------+--------+--------+-----+--------+
         Total |     34 |     34 |      0 |      0 |      0 |   1 |   34.0 |
       Dungeon |     34 |     34 |      0 |      0 |      0 |   1 |   34.0 |
               +--------+--------+--------+--------+--------+-----+--------+

Top non-repeatable levels by time:
       D: 34 daAuts
